Flyers vs Senateurs

Created - 26 mars 2018 at 09:04

Goals
1 2 3 T
Flyers 1 3 2 6
Senateurs 0 1 0 1
Shots
1 2 3 T
Flyers 6 9 15 30
Senateurs 18 8 15 41

1st period

1. Flyers , Filip Forsberg 25 (TJ Brodie 24, Evgeni Malkin 41) at 2:37

Penalties :
No Penalty

2nd period

2. Senateurs , Tanner Pearson 18 (Haydn Fleury 3) at 3:32
3. Flyers , Calle Jarnkrok 11 (Casey Cizikas 15) at 12:39
4. Flyers , Ivan Barbashev 6 (Travis Konecny 7) at 17:31
5. Flyers , Leo Komarov 21 (Calle Jarnkrok 11, Vincent Trocheck 31) at 19:23

Penalties :
Nikita Zaitsev (OTT) for Roughing (Minor) at 7:37

3rd period

6. Flyers , TJ Brodie 4 (P.K. Subban 30, Calle Jarnkrok 12) at 2:20
7. Flyers , Leon Draisaitl 25 (Charlie Coyle 23, Matt Murray) at 8:19

Penalties :
P.K. Subban (PHI) for Holding Stick (Minor) at 19:42

Goalie Stats

Matt Murray (PHI), 40 saves from 41 shots - (0,976), W, 34-15-4, 60:00 minutes
Jaroslav Halak (OTT), 13 saves from 15 shots - (0,867), 20:37 minutes
Mike Smith (OTT), 11 saves from 15 shots - (0,733), L, 23-19-4, 39:23 minutes

Players Stats for Flyers

Player Name              G  A  P  +/- PIM S  H  SB GA TA FO     MP     PP MP  PK MP  
------------------------------------------------------------------------------------
Brandon Carlo            0  0  0   1  0   1  0  1  0  0  0/0    18:48   0:00   0:17 
Brendan Perlini          0  0  0   1  0   3  0  0  1  0  0/0    10:34   0:05   0:00 
Calle Jarnkrok           1  2  3   4  0   3  0  1  1  0  4/7    13:57   0:00   0:00 
Casey Cizikas            0  1  1   4  0   1  3  1  2  0  0/2    14:14   0:00   0:17 
Charlie Coyle            0  1  1   0  0   1  1  0  0  2  0/0    16:09   0:54   0:00 
Darnell Nurse            0  0  0   2  0   0  1  1  0  0  0/0    19:01   0:00   0:00 
Evgeni Malkin            0  1  1   0  0   3  0  0  1  0  10/26  19:16   1:01   0:00 
Filip Forsberg           1  0  1   0  0   1  1  1  0  0  0/1    19:16   1:01   0:00 
Ivan Barbashev           1  0  1   1  0   1  2  0  1  0  3/5    10:17   0:00   0:00 
Justin Faulk             0  0  0   1  0   0  1  3  0  1  0/0    19:32   0:49   0:17 
Leo Komarov              1  0  1   4  0   1  3  0  0  0  0/1    14:14   0:00   0:17 
Leon Draisaitl           1  0  1   0  0   3  0  1  0  2  1/1    16:09   0:54   0:00 
Michael Matheson         0  0  0   2  0   1  0  1  0  3  0/0    19:45   0:49   0:00 
P.K. Subban              0  1  1   2  2   2  1  3  0  1  0/0    21:26   1:10   0:00 
Patrick Kane             0  0  0   0  0   5  0  1  0  1  0/0    19:07   1:04   0:00 
TJ Brodie                1  1  2   2  0   2  0  1  0  1  0/0    21:27   1:10   0:00 
Travis Konecny           0  1  1   1  0   2  2  0  0  0  0/0    10:21   0:04   0:00 
Vincent Trocheck         0  1  1   0  0   0  2  0  2  1  3/8    16:09   0:54   0:00 

Players Stats for Senateurs

Player Name              G  A  P  +/- PIM S  H  SB GA TA FO     MP     PP MP  PK MP  
------------------------------------------------------------------------------------
Alexandre Burrows        0  0  0  -3  0   0  2  0  0  0  0/1    11:02   0:00   0:47 
Chandler Stephenson      0  0  0  -2  0   1  0  0  0  0  2/5    12:30   0:00   0:00 
Dougie Hamilton          0  0  0  -2  0   0  1  2  0  1  0/0    25:03   0:17   0:50 
Dustin Brown             0  0  0   0  0   1  0  1  0  0  0/0    16:47   0:00   0:58 
Dwight King              0  0  0  -3  0   0  0  0  0  0  0/1    10:05   0:00   0:00 
Erik Haula               0  0  0   0  0   2  0  0  2  0  10/14  16:04   0:00   0:15 
Frans Nielsen            0  0  0   0  0   2  2  0  0  0  14/19  19:45   0:17   0:23 
Haydn Fleury             0  1  1  -2  0   1  0  0  0  1  0/0    14:30   0:00   0:00 
Jake McCabe              0  0  0  -2  0   2  0  0  0  1  0/0    14:58   0:00   0:50 
Jarome Iginla            0  0  0  -2  0   3  1  0  1  0  1/1    12:30   0:00   0:00 
Jason Garrison           0  0  0  -1  0   0  1  0  0  0  0/0    20:27   0:00   1:09 
Luca Sbisa               0  0  0  -1  0   3  1  1  0  1  0/0    20:27   0:00   1:09 
Matt Hendricks           0  0  0  -3  0   0  0  0  0  0  2/4    11:17   0:00   0:57 
Michael Cammalleri       0  0  0   0  0   8  1  0  2  0  0/1    16:14   0:00   0:00 
Nikita Zaitsev           0  0  0  -2  2   0  2  1  0  4  0/0    24:39   0:17   0:00 
Ryan Spooner             0  0  0  -2  0   6  0  0  3  0  0/0    12:30   0:00   0:00 
Tanner Pearson           1  0  1   0  0   5  2  0  1  0  0/2    19:22   0:17   0:00 
Viktor Arvidsson         0  0  0   0  0   7  2  0  3  0  1/3    19:50   0:17   0:38 

3 Stars

1 - Matt Murray (PHI)
2 - Calle Jarnkrok (PHI)
3 - Leo Komarov (PHI)

Power Play

Flyers - 0 on 1 Attempt(s) - 0,00%
Senateurs - 0 on 1 Attempt(s) - 0,00%

Penalty Kill

Flyers - 1 on 1 Attempt(s) - 100,00% - Score 0 goal in Penalty Kill
Senateurs - 1 on 1 Attempt(s) - 100,00% - Score 0 goal in Penalty Kill

Team Stat

Flyers - Hits : 17 - Faceoff Wins : 21 - Blocked Shots : 15 - Penalty Minutes : 2
Senateurs - Hits : 15 - Faceoff Wins : 30 - Blocked Shots : 5 - Penalty Minutes : 2

Official

Referees : Steve Kozari and Mike Hasenfratz
Linesman : Ryan Galloway and Steve Miller

Game Notes

Jaroslav Halak enters game at 19:23 of 2nd period

Finance

Level 1 -- Attendance: 6000 (100,00%) -- Ticket Income 540 000 $
Level 2 -- Attendance: 5000 (100,00%) -- Ticket Income 275 000 $
Level 3 -- Attendance: 1821 (91,05%) -- Ticket Income 60 093 $
Level 4 -- Attendance: 4000 (100,00%) -- Ticket Income 72 000 $
Luxury Box -- Attendance: 1000 (100,00%) -- Ticket Income 180 000 $
Game was played at the Place Banque Scottia.
Total Attendance: 17821 (99,01%)
Total Ticket Income: 1 127 093 $
Other Income: 552 276 $
Total Income: 1 679 369 $

Flyers

5 vs 5 Forward 
   Center                   Left Wing                Right Wing               Time % Phy DF OF 
 1 Evgeni Malkin            Patrick Kane             Filip Forsberg           33     0   3  2  
 2 Vincent Trocheck         Leon Draisaitl           Charlie Coyle            30     0   1  4  
 3 Calle Jarnkrok           Casey Cizikas            Leo Komarov              27     0   4  1  
 4 Ivan Barbashev           Brendan Perlini          Travis Konecny           10     0   3  2  

5 vs 5 Defense 
   Defense                  Defense                                           Time % Phy DF OF 
 1 P.K. Subban              TJ Brodie                                         37     0   4  1  
 2 Justin Faulk             Brandon Carlo                                     34     0   4  1  
 3 Darnell Nurse            Michael Matheson                                  29     0   4  1  
 4 P.K. Subban              Michael Matheson                                  0      1   2  2  

PowerPlay Forward 
   Center                   Left Wing                Right Wing               Time % Phy DF OF 
 1 Evgeni Malkin            Patrick Kane             Filip Forsberg           60     0   0  5  
 2 Vincent Trocheck         Leon Draisaitl           Charlie Coyle            40     0   0  5  

PowerPlay Defense
   Defense                  Defense                                           Time % Phy DF OF 
 1 P.K. Subban              TJ Brodie                                         60     0   1  4  
 2 Justin Faulk             Michael Matheson                                  40     0   1  4  

Penalty Kill 4 Players Forward 
   Center                   Wing                     Time % Phy DF OF 
 1 Casey Cizikas            Leo Komarov              60     0   5  0  
 2 Vincent Trocheck         Calle Jarnkrok           40     0   5  0  

Penalty Kill 4 Players Defense
   Defense                  Defense                  Time % Phy DF OF 
 1 Justin Faulk             Brandon Carlo            60     0   5  0  
 2 TJ Brodie                Michael Matheson         40     0   5  0  

Penalty Kill - 3 Players Forward 
   Forward                                           Time % Phy DF OF 
 1 Casey Cizikas                                     60     0   5  0  
 2 Calle Jarnkrok                                    40     0   5  0  

Penalty Kill - 3 Players Defense
   Defense                  Defense                  Time % Phy DF OF 
 1 Justin Faulk             Brandon Carlo            60     0   5  0  
 2 TJ Brodie                Michael Matheson         40     0   5  0  

4 vs 4 Forward 
   Center                   Wing                     Time % Phy DF OF 
 1 Evgeni Malkin            Patrick Kane             60     0   4  1  
 2 Vincent Trocheck         Leon Draisaitl           40     0   4  1  

4 vs 4 Defense
   Defense                  Defense                  Time % Phy DF OF 
 1 P.K. Subban              TJ Brodie                60     0   4  1  
 2 Justin Faulk             Brandon Carlo            40     0   4  1  

Last Minutes Offensive
   Center                   Left Wing                Right Wing               Defense                  Defense                  
   Evgeni Malkin            Patrick Kane             Vincent Trocheck         P.K. Subban              Justin Faulk             

Last Minutes Defensive
   Center                   Left Wing                Right Wing               Defense                  Defense                  
   Vincent Trocheck         Filip Forsberg           Leo Komarov              P.K. Subban              Brandon Carlo            

Goaltenders
Starting : Matt Murray              
Backup : Tristan Jarry            

Extra Forwards
Normal : Vincent Trocheck, Calle Jarnkrok, Travis Konecny - PP : Charlie Coyle, Brendan Perlini - PK : Filip Forsberg
Extra Defensemen
Normal : Michael Matheson, Darnell Nurse, Justin Faulk - PP : Darnell Nurse - PK : P.K. Subban, Darnell Nurse
Penalty Shots
Leon Draisaitl, Patrick Kane, Casey Cizikas, Brendan Perlini, Evgeni Malkin
Custom OT Lines Forwards
Evgeni Malkin, Patrick Kane, Vincent Trocheck, Leon Draisaitl, Filip Forsberg, Leo Komarov, Calle Jarnkrok, Charlie Coyle, Brendan Perlini, Travis Konecny
Custom OT Lines Defensemen
P.K. Subban, TJ Brodie, Justin Faulk, Michael Matheson, Brandon Carlo

Scratches
Artturi Lehkonen (Healthy), Borna Rendulic (Healthy)

Senateurs

5 vs 5 Forward 
   Center                   Left Wing                Right Wing               Time % Phy DF OF 
 1 Frans Nielsen            Viktor Arvidsson         Tanner Pearson           35     1   2  2  
 2 Erik Haula               Michael Cammalleri       Dustin Brown             28     1   2  2  
 3 Chandler Stephenson      Ryan Spooner             Jarome Iginla            22     1   2  2  
 4 Matt Hendricks           Dwight King              Alexandre Burrows        15     1   2  2  

5 vs 5 Defense 
   Defense                  Defense                                           Time % Phy DF OF 
 1 Dougie Hamilton          Nikita Zaitsev                                    37     1   2  2  
 2 Jason Garrison           Luca Sbisa                                        34     1   2  2  
 3 Jake McCabe              Haydn Fleury                                      21     1   2  2  
 4 Dougie Hamilton          Nikita Zaitsev                                    8      1   2  2  

PowerPlay Forward 
   Center                   Left Wing                Right Wing               Time % Phy DF OF 
 1 Frans Nielsen            Viktor Arvidsson         Tanner Pearson           60     1   2  2  
 2 Erik Haula               Michael Cammalleri       Dustin Brown             40     1   2  2  

PowerPlay Defense
   Defense                  Defense                                           Time % Phy DF OF 
 1 Dougie Hamilton          Nikita Zaitsev                                    60     1   2  2  
 2 Jake McCabe              Haydn Fleury                                      40     1   2  2  

Penalty Kill 4 Players Forward 
   Center                   Wing                     Time % Phy DF OF 
 1 Matt Hendricks           Dustin Brown             60     0   2  2  
 2 Frans Nielsen            Alexandre Burrows        40     1   2  2  

Penalty Kill 4 Players Defense
   Defense                  Defense                  Time % Phy DF OF 
 1 Jason Garrison           Luca Sbisa               60     1   2  2  
 2 Dougie Hamilton          Nikita Zaitsev           40     1   2  2  

Penalty Kill - 3 Players Forward 
   Forward                                           Time % Phy DF OF 
 1 Frans Nielsen                                     60     1   2  2  
 2 Erik Haula                                        40     1   2  2  

Penalty Kill - 3 Players Defense
   Defense                  Defense                  Time % Phy DF OF 
 1 Jason Garrison           Luca Sbisa               60     1   2  2  
 2 Dougie Hamilton          Nikita Zaitsev           40     1   2  2  

4 vs 4 Forward 
   Center                   Wing                     Time % Phy DF OF 
 1 Frans Nielsen            Viktor Arvidsson         60     1   2  2  
 2 Erik Haula               Michael Cammalleri       40     1   2  2  

4 vs 4 Defense
   Defense                  Defense                  Time % Phy DF OF 
 1 Dougie Hamilton          Nikita Zaitsev           60     1   2  2  
 2 Jason Garrison           Luca Sbisa               40     1   2  2  

Last Minutes Offensive
   Center                   Left Wing                Right Wing               Defense                  Defense                  
   Frans Nielsen            Viktor Arvidsson         Tanner Pearson           Dougie Hamilton          Nikita Zaitsev           

Last Minutes Defensive
   Center                   Left Wing                Right Wing               Defense                  Defense                  
   Matt Hendricks           Alexandre Burrows        Dustin Brown             Jason Garrison           Luca Sbisa               

Goaltenders
Starting : Mike Smith               
Backup : Jaroslav Halak           

Extra Forwards
Normal : Viktor Arvidsson, Frans Nielsen, Michael Cammalleri - PP : Viktor Arvidsson, Frans Nielsen - PK : Matt Hendricks
Extra Defensemen
Normal : Dougie Hamilton, Nikita Zaitsev, Luca Sbisa - PP : Dougie Hamilton - PK : Nikita Zaitsev, Jason Garrison
Penalty Shots
Frans Nielsen, Matt Hendricks, Dwight King, Alexandre Burrows, Michael Cammalleri
Custom OT Lines Forwards
Frans Nielsen, Dustin Brown, Tanner Pearson, Michael Cammalleri, Viktor Arvidsson, Ryan Spooner, Erik Haula, Chandler Stephenson, Jarome Iginla, Alexandre Burrows
Custom OT Lines Defensemen
Dougie Hamilton, Nikita Zaitsev, Jason Garrison, Luca Sbisa, Jake McCabe

Scratches
Jeff Schultz (Healthy), Devin Shore (Healthy), Tyler Ennis (Healthy)

% Time on Ice - Flyers

Lines # - Real PCT - Wanted PCT - Time Play
Normal Forward
1 - 32% - 33% - 18:15
2 - 26% - 30% - 15:15
3 - 24% - 27% - 13:57
4 - 18% - 10% - 10:17
Normal Defense
1 - 35% - 37% - 20:17
2 - 33% - 34% - 18:57
3 - 32% - 29% - 18:30
4 - 0% - 0% - 0:00
PP Forward
1 - 55% - 60% - 1:05
2 - 45% - 40% - 0:54
PP Defense
1 - 59% - 60% - 1:10
2 - 41% - 40% - 0:49
PK Forward
1 - 100% - 60% - 0:17
2 - 0% - 40% - 0:00
PK Defense
1 - 100% - 60% - 0:17
2 - 0% - 40% - 0:00
PK3 Forward
1 - 0% - 60%
2 - 0% - 40%
PK3 Defense
1 - 0% - 60%
2 - 0% - 40%
44 Forward
1 - 0% - 60%
2 - 0% - 40%
44 Defense
1 - 0% - 60%
2 - 0% - 40%
Last Minute Offensive  - 0:00
Last Minute Defensive  - 0:00
Total
Forward - 60:00
Defense - 60:00

% Time on Ice - Senateurs

Lines # - Real PCT - Wanted PCT - Time Play
Normal Forward
1 - 33% - 35% - 19:20
2 - 27% - 28% - 15:49
3 - 22% - 22% - 12:30
4 - 17% - 15% - 10:05
Normal Defense
1 - 35% - 37% - 20:19
2 - 34% - 34% - 19:33
3 - 25% - 21% - 14:30
4 - 6% - 8% - 3:22
PP Forward
1 - 100% - 60% - 0:17
2 - 0% - 40% - 0:00
PP Defense
1 - 100% - 60% - 0:17
2 - 0% - 40% - 0:00
PK Forward
1 - 81% - 60% - 1:36
2 - 19% - 40% - 0:23
PK Defense
1 - 58% - 60% - 1:09
2 - 42% - 40% - 0:50
PK3 Forward
1 - 0% - 60%
2 - 0% - 40%
PK3 Defense
1 - 0% - 60%
2 - 0% - 40%
44 Forward
1 - 0% - 60%
2 - 0% - 40%
44 Defense
1 - 0% - 60%
2 - 0% - 40%
Last Minute Offensive  - 0:00
Last Minute Defensive  - 0:00
Total
Forward - 60:00
Defense - 60:00

Play by Play

1st period


0:01 of 1st period - Frans Nielsen wins face-off versus Evgeni Malkin in neutral zone.
0:31 of 1st period - Snap shot by Jarome Iginla.
0:31 of 1st period - Stopped by Matt Murray with a rebound.
0:37 of 1st period - Snap shot by Ryan Spooner.
0:37 of 1st period - Stopped by Matt Murray without a rebound.
0:38 of 1st period - Erik Haula wins face-off versus Vincent Trocheck in Flyers zone.
1:13 of 1st period - Snap shot by Brendan Perlini.
1:13 of 1st period - Stopped by Mike Smith without a rebound.
1:14 of 1st period - Ivan Barbashev wins face-off versus Matt Hendricks in Senateurs zone.
1:39 of 1st period - Calle Jarnkrok is hit by Tanner Pearson and loses puck.
2:07 of 1st period - Wrist shot by Leon Draisaitl.
2:07 of 1st period - Shot Blocked by Dougie Hamilton.
2:31 of 1st period - Wrist shot by Evgeni Malkin.
2:31 of 1st period - Stopped by Mike Smith with a rebound.
2:33 of 1st period - Backhand shot by TJ Brodie.
2:33 of 1st period - Shot Misses the Net.
2:35 of 1st period - Snap shot by Filip Forsberg.
2:35 of 1st period - Shot Misses the Net.
2:37 of 1st period - Wrist shot by Filip Forsberg.
2:37 of 1st period - Goal by Filip Forsberg - Flyers : 1 - Senateurs : 0.
2:38 of 1st period - Frans Nielsen wins face-off versus Leo Komarov in neutral zone.
2:43 of 1st period - Leo Komarov is hit by Viktor Arvidsson and loses puck.
4:06 of 1st period - Leo Komarov is hit by Tanner Pearson and loses puck.
4:31 of 1st period - Wrist shot by Matt Hendricks.
4:31 of 1st period - Shot Misses the Net.
4:33 of 1st period - Slapshot by Dougie Hamilton.
4:33 of 1st period - Shot Blocked by Leon Draisaitl.
4:35 of 1st period - Slapshot by Dougie Hamilton.
4:35 of 1st period - Deflect By Dwight King.
4:35 of 1st period - Shot Misses the Net.
4:35 of 1st period - Puck is out of play.
4:36 of 1st period - Evgeni Malkin wins face-off versus Alexandre Burrows in Flyers zone.
5:52 of 1st period - Slapshot by Viktor Arvidsson.
5:52 of 1st period - Stopped by Matt Murray without a rebound.
5:53 of 1st period - Calle Jarnkrok wins face-off versus Viktor Arvidsson in Flyers zone.
6:46 of 1st period - Wrist shot by Charlie Coyle.
6:46 of 1st period - Deflect By Chandler Stephenson.
6:46 of 1st period - Shot Misses the Net.
6:46 of 1st period - Puck is out of play.
6:47 of 1st period - Calle Jarnkrok wins face-off versus Chandler Stephenson in Senateurs zone.
7:12 of 1st period - Jake McCabe is hit by P.K. Subban and loses puck.
7:21 of 1st period - Snap shot by Patrick Kane.
7:21 of 1st period - Stopped by Mike Smith without a rebound.
7:22 of 1st period - Erik Haula wins face-off versus Vincent Trocheck in Senateurs zone.
8:35 of 1st period - Slapshot by Jarome Iginla.
8:35 of 1st period - Stopped by Matt Murray with a rebound.
9:15 of 1st period - Wrist shot by Viktor Arvidsson.
9:15 of 1st period - Shot Blocked by Patrick Kane.
9:17 of 1st period - Slapshot by Jake McCabe.
9:17 of 1st period - Shot Misses the Net.
9:19 of 1st period - Slapshot by Jake McCabe.
9:19 of 1st period - Stopped by Matt Murray with a rebound.
9:21 of 1st period - Wrist shot by Viktor Arvidsson.
9:21 of 1st period - Stopped by Matt Murray without a rebound.
9:22 of 1st period - Evgeni Malkin wins face-off versus Tanner Pearson in Flyers zone.
9:57 of 1st period - Wrist shot by Ryan Spooner.
9:57 of 1st period - Stopped by Matt Murray without a rebound.
9:58 of 1st period - Frans Nielsen wins face-off versus Evgeni Malkin in Flyers zone.
10:01 of 1st period - Slapshot by Tanner Pearson.
10:01 of 1st period - Stopped by Matt Murray without a rebound.
10:02 of 1st period - Evgeni Malkin wins face-off versus Frans Nielsen in Flyers zone.
10:55 of 1st period - Snap shot by Ivan Barbashev.
10:55 of 1st period - Shot Misses the Net.
11:03 of 1st period - Snap shot by Erik Haula.
11:03 of 1st period - Shot Misses the Net.
11:07 of 1st period - Snap shot by Michael Cammalleri.
11:07 of 1st period - Deflect By Erik Haula.
11:07 of 1st period - Stopped by Matt Murray with a rebound.
11:09 of 1st period - Wrist shot by Dustin Brown.
11:09 of 1st period - Shot Misses the Net.
11:11 of 1st period - Slapshot by Jason Garrison.
11:11 of 1st period - Shot Blocked by Brandon Carlo.
11:13 of 1st period - Slapshot by Luca Sbisa.
11:13 of 1st period - Deflect By Michael Cammalleri.
11:13 of 1st period - Stopped by Matt Murray with a rebound.
11:15 of 1st period - Snap shot by Michael Cammalleri.
11:15 of 1st period - Shot Misses the Net.
11:17 of 1st period - Slapshot by Luca Sbisa.
11:17 of 1st period - Stopped by Matt Murray without a rebound.
11:18 of 1st period - Frans Nielsen wins face-off versus Calle Jarnkrok in Flyers zone.
12:19 of 1st period - Nikita Zaitsev is hit by Darnell Nurse and loses puck.
12:30 of 1st period - Snap shot by Viktor Arvidsson.
12:30 of 1st period - Stopped by Matt Murray with a rebound.
13:40 of 1st period - Snap shot by Tanner Pearson.
13:40 of 1st period - Shot Misses the Net.
13:48 of 1st period - Wrist shot by Frans Nielsen.
13:48 of 1st period - Stopped by Matt Murray without a rebound.
13:49 of 1st period - Chandler Stephenson wins face-off versus Evgeni Malkin in Flyers zone.
15:23 of 1st period - Snap shot by Ryan Spooner.
15:23 of 1st period - Stopped by Matt Murray with a rebound.
15:29 of 1st period - Wrist shot by Ryan Spooner.
15:29 of 1st period - Stopped by Matt Murray without a rebound.
15:30 of 1st period - Erik Haula wins face-off versus Ivan Barbashev in Flyers zone.
15:39 of 1st period - Slapshot by Michael Cammalleri.
15:39 of 1st period - Stopped by Matt Murray without a rebound.
15:40 of 1st period - Ivan Barbashev wins face-off versus Erik Haula in Flyers zone.
15:57 of 1st period - Wrist shot by Michael Cammalleri.
15:57 of 1st period - Deflect By Erik Haula.
15:57 of 1st period - Shot Blocked by P.K. Subban.
15:57 of 1st period - Puck is out of play.
15:58 of 1st period - Evgeni Malkin wins face-off versus Chandler Stephenson in Flyers zone.
16:03 of 1st period - Snap shot by Patrick Kane.
16:03 of 1st period - Deflect By Evgeni Malkin.
16:03 of 1st period - Stopped by Mike Smith without a rebound.
16:04 of 1st period - Jarome Iginla wins face-off versus Evgeni Malkin in Senateurs zone.
16:17 of 1st period - Snap shot by Ryan Spooner.
16:17 of 1st period - Shot Misses the Net.
16:56 of 1st period - Snap shot by Brendan Perlini.
16:56 of 1st period - Stopped by Mike Smith with a rebound.
16:58 of 1st period - Slapshot by Brandon Carlo.
16:58 of 1st period - Shot Misses the Net.
17:00 of 1st period - Snap shot by Ivan Barbashev.
17:00 of 1st period - Shot Blocked by Dougie Hamilton.
17:32 of 1st period - TJ Brodie is hit by Nikita Zaitsev and loses puck.
18:32 of 1st period - Snap shot by Patrick Kane.
18:32 of 1st period - Shot Misses the Net.
18:38 of 1st period - Wrist shot by Chandler Stephenson.
18:38 of 1st period - Shot Misses the Net.
18:40 of 1st period - Snap shot by Luca Sbisa.
18:40 of 1st period - Stopped by Matt Murray with a rebound.
19:18 of 1st period - Snap shot by Michael Cammalleri.
19:18 of 1st period - Stopped by Matt Murray without a rebound.
19:19 of 1st period - Evgeni Malkin wins face-off versus Chandler Stephenson in Flyers zone.
Goals for this period are 1 for Flyers vs 0 for Senateurs.
Shots for this period are 6 for Flyers vs 18 for Senateurs.

2nd period


0:01 of 2nd period - Erik Haula wins face-off versus Evgeni Malkin in neutral zone.
0:28 of 2nd period - Wrist shot by Leon Draisaitl.
0:28 of 2nd period - Stopped by Mike Smith without a rebound.
0:29 of 2nd period - Chandler Stephenson wins face-off versus Vincent Trocheck in Senateurs zone.
1:34 of 2nd period - Off-side.
1:35 of 2nd period - Viktor Arvidsson wins face-off versus Evgeni Malkin in neutral zone.
1:44 of 2nd period - Snap shot by Frans Nielsen.
1:44 of 2nd period - Shot Misses the Net.
2:00 of 2nd period - Dustin Brown is hit by Justin Faulk and loses puck.
2:29 of 2nd period - Ivan Barbashev is hit by Alexandre Burrows and loses puck.
2:40 of 2nd period - Snap shot by Viktor Arvidsson.
2:40 of 2nd period - Stopped by Matt Murray without a rebound.
2:41 of 2nd period - Frans Nielsen wins face-off versus Evgeni Malkin in Flyers zone.
2:55 of 2nd period - Snap shot by Frans Nielsen.
2:55 of 2nd period - Stopped by Matt Murray with a rebound.
2:57 of 2nd period - Slapshot by Frans Nielsen.
2:57 of 2nd period - Deflect By Viktor Arvidsson.
2:57 of 2nd period - Shot Misses the Net.
2:57 of 2nd period - Puck is out of play.
2:58 of 2nd period - Vincent Trocheck wins face-off versus Erik Haula in Flyers zone.
3:25 of 2nd period - Patrick Kane is hit by Frans Nielsen and loses puck.
3:32 of 2nd period - Wrist shot by Tanner Pearson.
3:32 of 2nd period - Goal by Tanner Pearson - Flyers : 1 - Senateurs : 1.
3:33 of 2nd period - Frans Nielsen wins face-off versus Evgeni Malkin in neutral zone.
5:34 of 2nd period - Snap shot by Chandler Stephenson.
5:34 of 2nd period - Shot Blocked by Justin Faulk.
7:29 of 2nd period - Leon Draisaitl is hit by Dougie Hamilton and loses puck.
7:37 of 2nd period - Minor Penalty to Nikita Zaitsev for Roughing.
7:38 of 2nd period - Matt Hendricks wins face-off versus Evgeni Malkin in Senateurs zone.
7:52 of 2nd period - Slapshot by Patrick Kane.
7:52 of 2nd period - Stopped by Mike Smith with a rebound.
7:54 of 2nd period - Wrist shot by Patrick Kane.
7:54 of 2nd period - Shot Misses the Net.
8:06 of 2nd period - Wrist shot by Leon Draisaitl.
8:06 of 2nd period - Shot Misses the Net.
9:37 of 2nd period - Penalty to Nikita Zaitsev is over, Nikita Zaitsev is back on ice.
9:43 of 2nd period - Snap shot by Nikita Zaitsev.
9:43 of 2nd period - Shot Misses the Net.
10:01 of 2nd period - Haydn Fleury is hit by Leo Komarov and loses puck.
10:14 of 2nd period - Ivan Barbashev is hit by Michael Cammalleri and loses puck.
10:53 of 2nd period - Chandler Stephenson is hit by Travis Konecny and loses puck.
11:32 of 2nd period - Nikita Zaitsev is hit by Ivan Barbashev and loses puck.
12:27 of 2nd period - Snap shot by Viktor Arvidsson.
12:27 of 2nd period - Shot Misses the Net.
12:29 of 2nd period - Slapshot by Viktor Arvidsson.
12:29 of 2nd period - Stopped by Matt Murray without a rebound.
12:30 of 2nd period - Calle Jarnkrok wins face-off versus Dwight King in Flyers zone.
12:39 of 2nd period - Snap shot by Calle Jarnkrok.
12:39 of 2nd period - Goal by Calle Jarnkrok - Flyers : 2 - Senateurs : 1.
12:40 of 2nd period - Erik Haula wins face-off versus Evgeni Malkin in neutral zone.
13:13 of 2nd period - Viktor Arvidsson is hit by Vincent Trocheck.
14:03 of 2nd period - Snap shot by Travis Konecny.
14:03 of 2nd period - Stopped by Mike Smith without a rebound.
14:04 of 2nd period - Matt Hendricks wins face-off versus Evgeni Malkin in Senateurs zone.
14:31 of 2nd period - Luca Sbisa is hit by Casey Cizikas and loses puck.
14:58 of 2nd period - Slapshot by Leon Draisaitl.
14:58 of 2nd period - Shot Misses the Net.
15:20 of 2nd period - Darnell Nurse is hit by Viktor Arvidsson and loses puck.
15:39 of 2nd period - Slapshot by Chandler Stephenson.
15:39 of 2nd period - Stopped by Matt Murray with a rebound.
15:41 of 2nd period - Wrist shot by Chandler Stephenson.
15:41 of 2nd period - Deflect By Ryan Spooner.
15:41 of 2nd period - Stopped by Matt Murray with a rebound.
15:43 of 2nd period - Snap shot by Chandler Stephenson.
15:43 of 2nd period - Shot Misses the Net.
15:45 of 2nd period - Snap shot by Jarome Iginla.
15:45 of 2nd period - Shot Blocked by Justin Faulk.
15:57 of 2nd period - Erik Haula is hit by Casey Cizikas and loses puck.
16:04 of 2nd period - Snap shot by Casey Cizikas.
16:04 of 2nd period - Shot Blocked by Dustin Brown.
16:06 of 2nd period - Slapshot by Brandon Carlo.
16:06 of 2nd period - Stopped by Mike Smith without a rebound.
16:07 of 2nd period - Leon Draisaitl wins face-off versus Frans Nielsen in Senateurs zone.
17:11 of 2nd period - Snap shot by Jarome Iginla.
17:11 of 2nd period - Stopped by Matt Murray with a rebound.
17:31 of 2nd period - Snap shot by Ivan Barbashev.
17:31 of 2nd period - Goal by Ivan Barbashev - Flyers : 3 - Senateurs : 1.
17:32 of 2nd period - Evgeni Malkin wins face-off versus Frans Nielsen in neutral zone.
17:41 of 2nd period - Snap shot by Filip Forsberg.
17:41 of 2nd period - Shot Misses the Net.
17:47 of 2nd period - Slapshot by Viktor Arvidsson.
17:47 of 2nd period - Deflect By Tanner Pearson.
17:47 of 2nd period - Shot Blocked by TJ Brodie.
17:47 of 2nd period - Puck is out of play.
17:48 of 2nd period - Erik Haula wins face-off versus Vincent Trocheck in Flyers zone.
17:49 of 2nd period - Wrist shot by Dustin Brown.
17:49 of 2nd period - Stopped by Matt Murray without a rebound.
17:50 of 2nd period - Vincent Trocheck wins face-off versus Erik Haula in Flyers zone.
18:05 of 2nd period - Slapshot by Leon Draisaitl.
18:05 of 2nd period - Stopped by Mike Smith with a rebound.
18:07 of 2nd period - Wrist shot by TJ Brodie.
18:07 of 2nd period - Shot Misses the Net.
18:29 of 2nd period - Wrist shot by Calle Jarnkrok.
18:29 of 2nd period - Stopped by Mike Smith with a rebound.
19:21 of 2nd period - Wrist shot by Calle Jarnkrok.
19:21 of 2nd period - Shot Misses the Net.
19:23 of 2nd period - Snap shot by Leo Komarov.
19:23 of 2nd period - Goal by Leo Komarov - Flyers : 4 - Senateurs : 1.
19:23 of 2nd period - Jaroslav Halak enters game.
19:24 of 2nd period - Frans Nielsen wins face-off versus Evgeni Malkin in neutral zone.
19:27 of 2nd period - TJ Brodie is hit by Frans Nielsen and loses puck.
Goals for this period are 3 for Flyers vs 1 for Senateurs.
Shots for this period are 9 for Flyers vs 8 for Senateurs.

3rd period


0:01 of 3rd period - Frans Nielsen wins face-off versus Evgeni Malkin in neutral zone.
0:37 of 3rd period - P.K. Subban is hit by Luca Sbisa and loses puck.
0:52 of 3rd period - Slapshot by P.K. Subban.
0:52 of 3rd period - Stopped by Jaroslav Halak without a rebound.
0:53 of 3rd period - Calle Jarnkrok wins face-off versus Tanner Pearson in Senateurs zone.
1:20 of 3rd period - Michael Cammalleri is hit by Filip Forsberg and loses puck.
2:18 of 3rd period - Slapshot by P.K. Subban.
2:18 of 3rd period - Stopped by Jaroslav Halak with a rebound.
2:20 of 3rd period - Snap shot by TJ Brodie.
2:20 of 3rd period - Goal by TJ Brodie - Flyers : 5 - Senateurs : 1.
2:21 of 3rd period - Frans Nielsen wins face-off versus Evgeni Malkin in neutral zone.
3:20 of 3rd period - Snap shot by Charlie Coyle.
3:20 of 3rd period - Stopped by Jaroslav Halak without a rebound.
3:21 of 3rd period - Evgeni Malkin wins face-off versus Matt Hendricks in Senateurs zone.
3:48 of 3rd period - Haydn Fleury is hit by Leo Komarov and loses puck.
3:57 of 3rd period - Slapshot by TJ Brodie.
3:57 of 3rd period - Stopped by Jaroslav Halak with a rebound.
3:59 of 3rd period - Wrist shot by P.K. Subban.
3:59 of 3rd period - Shot Misses the Net.
4:21 of 3rd period - Ivan Barbashev is hit by Alexandre Burrows and loses puck.
4:52 of 3rd period - Viktor Arvidsson is hit by Charlie Coyle and loses puck.
5:14 of 3rd period - Slapshot by Tanner Pearson.
5:14 of 3rd period - Stopped by Matt Murray with a rebound.
5:16 of 3rd period - Slapshot by Haydn Fleury.
5:16 of 3rd period - Stopped by Matt Murray without a rebound.
5:17 of 3rd period - Erik Haula wins face-off versus Evgeni Malkin in Flyers zone.
5:26 of 3rd period - Wrist shot by Michael Cammalleri.
5:26 of 3rd period - Stopped by Matt Murray without a rebound.
5:27 of 3rd period - Evgeni Malkin wins face-off versus Michael Cammalleri in Flyers zone.
5:54 of 3rd period - Slapshot by Erik Haula.
5:54 of 3rd period - Shot Misses the Net.
5:56 of 3rd period - Slapshot by Dougie Hamilton.
5:56 of 3rd period - Shot Misses the Net.
5:58 of 3rd period - Slapshot by Dougie Hamilton.
5:58 of 3rd period - Shot Blocked by Justin Faulk.
6:08 of 3rd period - Wrist shot by Michael Cammalleri.
6:08 of 3rd period - Stopped by Matt Murray with a rebound.
6:10 of 3rd period - Backhand shot by Erik Haula.
6:10 of 3rd period - Stopped by Matt Murray with a rebound.
6:12 of 3rd period - Wrist shot by Michael Cammalleri.
6:12 of 3rd period - Deflect By Evgeni Malkin.
6:12 of 3rd period - Stopped by Matt Murray without a rebound.
6:13 of 3rd period - Frans Nielsen wins face-off versus Calle Jarnkrok in Flyers zone.
6:24 of 3rd period - Wrist shot by Tanner Pearson.
6:24 of 3rd period - Shot Blocked by Calle Jarnkrok.
6:26 of 3rd period - Slapshot by Viktor Arvidsson.
6:26 of 3rd period - Shot Misses the Net.
6:40 of 3rd period - P.K. Subban is hit by Jarome Iginla and loses puck.
6:51 of 3rd period - Wrist shot by Chandler Stephenson.
6:51 of 3rd period - Shot Blocked by P.K. Subban.
6:53 of 3rd period - Slapshot by Ryan Spooner.
6:53 of 3rd period - Stopped by Matt Murray with a rebound.
7:11 of 3rd period - Nikita Zaitsev is hit by Travis Konecny and loses puck.
7:33 of 3rd period - Snap shot by Calle Jarnkrok.
7:33 of 3rd period - Stopped by Jaroslav Halak without a rebound.
7:34 of 3rd period - Evgeni Malkin wins face-off versus Frans Nielsen in Senateurs zone.
8:01 of 3rd period - Snap shot by Patrick Kane.
8:01 of 3rd period - Stopped by Jaroslav Halak with a rebound.
8:19 of 3rd period - Snap shot by Leon Draisaitl.
8:19 of 3rd period - Goal by Leon Draisaitl - Flyers : 6 - Senateurs : 1.
8:20 of 3rd period - Frans Nielsen wins face-off versus Evgeni Malkin in neutral zone.
8:51 of 3rd period - Snap shot by Michael Cammalleri.
8:51 of 3rd period - Stopped by Matt Murray with a rebound.
9:54 of 3rd period - Snap shot by Viktor Arvidsson.
9:54 of 3rd period - Shot Blocked by P.K. Subban.
9:56 of 3rd period - Slapshot by Jake McCabe.
9:56 of 3rd period - Stopped by Matt Murray with a rebound.
9:58 of 3rd period - Slapshot by Viktor Arvidsson.
9:58 of 3rd period - Stopped by Matt Murray with a rebound.
10:00 of 3rd period - Wrist shot by Tanner Pearson.
10:00 of 3rd period - Stopped by Matt Murray with a rebound.
10:16 of 3rd period - Dougie Hamilton is hit by Casey Cizikas and loses puck.
10:33 of 3rd period - Snap shot by Ryan Spooner.
10:33 of 3rd period - Deflect By Chandler Stephenson.
10:33 of 3rd period - Shot Blocked by Darnell Nurse.
10:33 of 3rd period - Puck is out of play.
10:34 of 3rd period - Ivan Barbashev wins face-off versus Viktor Arvidsson in Flyers zone.
10:43 of 3rd period - Snap shot by Brendan Perlini.
10:43 of 3rd period - Stopped by Jaroslav Halak with a rebound.
10:47 of 3rd period - Slapshot by Travis Konecny.
10:47 of 3rd period - Shot Blocked by Luca Sbisa.
10:49 of 3rd period - Slapshot by Michael Matheson.
10:49 of 3rd period - Stopped by Jaroslav Halak without a rebound.
10:50 of 3rd period - Evgeni Malkin wins face-off versus Erik Haula in Senateurs zone.
11:15 of 3rd period - Viktor Arvidsson is hit by Vincent Trocheck and loses puck.
11:45 of 3rd period - Slapshot by Justin Faulk.
11:45 of 3rd period - Shot Blocked by Nikita Zaitsev.
11:47 of 3rd period - Wrist shot by Casey Cizikas.
11:47 of 3rd period - Stopped by Jaroslav Halak with a rebound.
11:49 of 3rd period - Wrist shot by Leo Komarov.
11:49 of 3rd period - Shot Misses the Net.
11:51 of 3rd period - Slapshot by Justin Faulk.
11:51 of 3rd period - Shot Misses the Net.
12:35 of 3rd period - Snap shot by Matt Hendricks.
12:35 of 3rd period - Deflect By Alexandre Burrows.
12:35 of 3rd period - Shot Blocked by Michael Matheson.
12:35 of 3rd period - Puck is out of play.
12:36 of 3rd period - Erik Haula wins face-off versus Filip Forsberg in Flyers zone.
12:46 of 3rd period - Slapshot by Michael Cammalleri.
12:46 of 3rd period - Stopped by Matt Murray with a rebound.
12:48 of 3rd period - Wrist shot by Dustin Brown.
12:48 of 3rd period - Shot Misses the Net.
12:50 of 3rd period - Wrist shot by Luca Sbisa.
12:50 of 3rd period - Stopped by Matt Murray without a rebound.
12:51 of 3rd period - Vincent Trocheck wins face-off versus Frans Nielsen in Flyers zone.
13:42 of 3rd period - Wrist shot by Ryan Spooner.
13:42 of 3rd period - Shot Misses the Net.
14:04 of 3rd period - Wrist shot by Travis Konecny.
14:04 of 3rd period - Stopped by Jaroslav Halak without a rebound.
14:05 of 3rd period - Frans Nielsen wins face-off versus Ivan Barbashev in Senateurs zone.
14:32 of 3rd period - Snap shot by Patrick Kane.
14:32 of 3rd period - Stopped by Jaroslav Halak with a rebound.
14:39 of 3rd period - Snap shot by Nikita Zaitsev.
14:39 of 3rd period - Shot Blocked by Filip Forsberg.
15:31 of 3rd period - Snap shot by Patrick Kane.
15:31 of 3rd period - Stopped by Jaroslav Halak with a rebound.
15:37 of 3rd period - Wrist shot by Tanner Pearson.
15:37 of 3rd period - Shot Misses the Net.
16:09 of 3rd period - Snap shot by Tanner Pearson.
16:09 of 3rd period - Stopped by Matt Murray with a rebound.
17:02 of 3rd period - Slapshot by Evgeni Malkin.
17:02 of 3rd period - Deflect By Viktor Arvidsson.
17:02 of 3rd period - Stopped by Jaroslav Halak without a rebound.
17:03 of 3rd period - Erik Haula wins face-off versus Vincent Trocheck in Senateurs zone.
17:28 of 3rd period - Nikita Zaitsev is hit by Leo Komarov and loses puck.
18:17 of 3rd period - Icing by Erik Haula.
18:18 of 3rd period - Erik Haula wins face-off versus Calle Jarnkrok in Senateurs zone.
18:23 of 3rd period - Leo Komarov is hit by Jason Garrison and loses puck.
18:55 of 3rd period - P.K. Subban is hit by Nikita Zaitsev and loses puck.
19:18 of 3rd period - Dwight King is hit by Ivan Barbashev and loses puck.
19:42 of 3rd period - Minor Penalty to P.K. Subban for Holding Stick.
19:43 of 3rd period - Frans Nielsen wins face-off versus Casey Cizikas in Flyers zone.
19:50 of 3rd period - Slapshot by Tanner Pearson.
19:50 of 3rd period - Shot Blocked by Casey Cizikas.
19:54 of 3rd period - Slapshot by Viktor Arvidsson.
19:54 of 3rd period - Shot Misses the Net.
19:56 of 3rd period - Wrist shot by Viktor Arvidsson.
19:56 of 3rd period - Stopped by Matt Murray without a rebound.
19:57 of 3rd period - Frans Nielsen wins face-off versus Casey Cizikas in Flyers zone.
Goals for this period are 2 for Flyers vs 0 for Senateurs.
Shots for this period are 15 for Flyers vs 15 for Senateurs.